TOP OF THE 1ST |
Oceanside Swamp Foxes batting - Pitching for Long Beach KO : RHP António Acosta
|
Pitching: RHP António Acosta
|
|
Batting: LHB Bob Huerta
|
0-0: Ground out 1-3 (Groundball, P)
|
Batting: RHB Michael Reed
|
0-0: Fly out, F9 (Flyball, 9LSF)
|
Batting: RHB Armando García
|
0-0: Called Strike 0-1: Ball 1-1: SINGLE (Groundball, 6MD)
|
Batting: RHB Carlos Sánchez
|
0-0: Reached on error, E5 (Groundball, 56) Armando García to second
|
Batting: RHB Salvador Castro
|
0-0: Ball 1-0: Swinging Strike 1-1: Called Strike 1-2: Fly out, F9 (Flyball, 9LSF)
|
Top of the 1st over - 0 run(s), 1 hit(s), 1 error(s), 2 left on base; Oceanside 0 - Long Beach 0 |
BOTTOM OF THE 1ST |
Long Beach KO batting - Pitching for Oceanside Swamp Foxes : LHP Manny Reyes
|
Pitching: LHP Manny Reyes
|
|
Batting: RHB Ben Simpson
|
0-0: Called Strike 0-1: Swinging Strike 0-2: Ball 1-2: Ball 2-2: Foul Ball, location: 2F 2-2: Ground out 6-3 (Groundball, 6)
|
Batting: LHB John Lynch
|
0-0: Foul Ball, location: 2F 0-1: Ball 1-1: Ball 2-1: SINGLE (Groundball, 4MD)
|
Batting: RHB José González
|
0-0: Called Strike 0-1: Foul Ball, location: 2F 0-2: Ball John Lynch is caught stealing 2nd base 1-2: Fly out, F6 (Line Drive, 56)
|
Bottom of the 1st over - 0 run(s), 1 hit(s), 0 error(s), 0 left on base; Oceanside 0 - Long Beach 0 |
TOP OF THE 2ND |
Oceanside Swamp Foxes batting - Pitching for Long Beach KO : RHP António Acosta
|
Batting: RHB Brian Brown
|
0-0: SINGLE (Groundball, 56D)
|
Batting: SHB Júlio Viña
|
0-0: Called Strike 0-1: Ball 1-1: Foul Ball, location: 2F 1-2: Foul Ball, location: 2F 1-2: Foul Ball, location: 2F 1-2: Foul Ball, location: 2F 1-2: Ball Brian Brown steals 2nd base 2-2: Strikes out swinging
|
Batting: RHB Richard Bass
|
0-0: Called Strike 0-1: Called Strike Brian Brown is caught stealing 3rd base 0-2: Ground out 6-3 (Groundball, 6)
|
Top of the 2nd over - 0 run(s), 1 hit(s), 0 error(s), 0 left on base; Oceanside 0 - Long Beach 0 |
BOTTOM OF THE 2ND |
Long Beach KO batting - Pitching for Oceanside Swamp Foxes : LHP Manny Reyes
|
Batting: RHB Rich Crabtree
|
0-0: Foul Ball, location: 2F 0-1: Foul Ball, location: 2F 0-2: Ball 1-2: DOUBLE (Flyball, 7LM)
|
Batting: RHB Jorge Molina
|
0-0: Foul Ball, location: 2F 0-1: Ground out 6-3 (Groundball, 6S) Rich Crabtree to third
|
Batting: RHB Harvey Mawhinney
|
0-0: Ball 1-0: Ball 2-0: Foul Ball, location: 2F 2-1: Swinging Strike 2-2: Ball 3-2: Base on Balls
|
Batting: RHB Miguel Rodríguez
|
0-0: Foul Ball, location: 2F 0-1: Foul Ball, location: 2F 0-2: Ball 1-2: Strikes out swinging
|
Batting: SHB Steve Shaw
|
0-0: Ball 1-0: Foul Ball, location: 2F 1-1: Ball 2-1: Ball 3-1: Foul Ball, location: 2F 3-2: Strikes out swinging
|
Bottom of the 2nd over - 0 run(s), 1 hit(s), 0 error(s), 2 left on base; Oceanside 0 - Long Beach 0 |
TOP OF THE 3RD |
Oceanside Swamp Foxes batting - Pitching for Long Beach KO : RHP António Acosta
|
Batting: SHB Gordon Beatty
|
0-0: Called Strike 0-1: Called Strike 0-2: Ground out 4-3 (Groundball, 4)
|
Batting: LHB Bob Huerta
|
0-0: Foul Ball, location: 2F 0-1: Ball 1-1: Ball 2-1: Foul Ball, location: 2F 2-2: Strikes out swinging
|
Batting: RHB Michael Reed
|
0-0: SINGLE (Line Drive, 5D)
|
Batting: RHB Armando García
|
0-0: Ground out 5-3 (Groundball, 56S)
|
Top of the 3rd over - 0 run(s), 1 hit(s), 0 error(s), 1 left on base; Oceanside 0 - Long Beach 0 |
BOTTOM OF THE 3RD |
Long Beach KO batting - Pitching for Oceanside Swamp Foxes : LHP Manny Reyes
|
Batting: LHB José Rivas
|
0-0: Swinging Strike 0-1: SINGLE (Groundball, 6) (infield hit)
|
Batting: RHB Ben Simpson
|
0-0: Ball José Rivas is caught stealing 2nd base 1-0: Ball 2-0: Called Strike 2-1: Called Strike 2-2: Strikes out swinging
|
Batting: LHB John Lynch
|
0-0: Called Strike 0-1: Foul Ball, location: 2F 0-2: Ground out U3 (Groundball, 3)
|
Bottom of the 3rd over - 0 run(s), 1 hit(s), 0 error(s), 0 left on base; Oceanside 0 - Long Beach 0 |
TOP OF THE 4TH |
Oceanside Swamp Foxes batting - Pitching for Long Beach KO : RHP António Acosta
|
Batting: RHB Carlos Sánchez
|
0-0: Called Strike 0-1: Ball 1-1: Foul Ball, location: 2F 1-2: Fly out, F4 (Line Drive, 4)
|
Batting: RHB Salvador Castro
|
0-0: Foul Ball, location: 2F 0-1: Ground out 4-3 (Groundball, 34)
|
Batting: RHB Brian Brown
|
0-0: Ball 1-0: Swinging Strike 1-1: Called Strike 1-2: Strikes out swinging
|
Top of the 4th over - 0 run(s), 0 hit(s), 0 error(s), 0 left on base; Oceanside 0 - Long Beach 0 |
BOTTOM OF THE 4TH |
Long Beach KO batting - Pitching for Oceanside Swamp Foxes : LHP Manny Reyes
|
Batting: RHB José González
|
0-0: Called Strike 0-1: Ball 1-1: Ball 2-1: Swinging Strike 2-2: Strikes out swinging
|
Batting: RHB Rich Crabtree
|
0-0: Fly out, F8 (Flyball, 89D)
|
Batting: RHB Jorge Molina
|
0-0: Foul Ball, location: 2F 0-1: Ball 1-1: Swinging Strike 1-2: Strikes out swinging, 2-3 out at first.
|
Bottom of the 4th over - 0 run(s), 0 hit(s), 0 error(s), 0 left on base; Oceanside 0 - Long Beach 0 |
TOP OF THE 5TH |
Oceanside Swamp Foxes batting - Pitching for Long Beach KO : RHP António Acosta
|
Batting: SHB Júlio Viña
|
0-0: Reached on error, E1 (Groundball, 13S)
|
Batting: RHB Richard Bass
|
0-0: Ball 1-0: Foul Ball, location: 2F 1-1: Foul Ball, location: 2F 1-2: Ball 2-2: Strikes out swinging
|
Batting: SHB Gordon Beatty
|
0-0: Called Strike 0-1: Called Strike 0-2: Fly out, F9 (Flyball, 89S)
|
Batting: LHB Bob Huerta
|
0-0: Swinging Strike 0-1: Called Strike 0-2: Strikes out looking
|
Top of the 5th over - 0 run(s), 0 hit(s), 1 error(s), 1 left on base; Oceanside 0 - Long Beach 0 |
BOTTOM OF THE 5TH |
Long Beach KO batting - Pitching for Oceanside Swamp Foxes : LHP Manny Reyes
|
Batting: RHB Harvey Mawhinney
|
0-0: Swinging Strike 0-1: Swinging Strike 0-2: Fly out, F9 (Flyball, 9S)
|
Batting: RHB Miguel Rodríguez
|
0-0: SINGLE (Flyball, 9S)
|
Batting: SHB Steve Shaw
|
0-0: Ball 1-0: Ball 2-0: Foul Ball, location: 2F 2-1: Called Strike 2-2: Foul Ball, location: 2F 2-2: Foul Ball, location: 2F 2-2: Strikes out swinging
|
Batting: LHB José Rivas
|
0-0: Ball 1-0: Ball 2-0: Called Strike 2-1: Foul Ball, location: 2F 2-2: Ball 3-2: Foul Ball, location: 2F 3-2: Foul Ball, location: 2F 3-2: Strikes out swinging
|
Bottom of the 5th over - 0 run(s), 1 hit(s), 0 error(s), 1 left on base; Oceanside 0 - Long Beach 0 |
TOP OF THE 6TH |
Oceanside Swamp Foxes batting - Pitching for Long Beach KO : RHP António Acosta
|
Batting: RHB Michael Reed
|
0-0: Called Strike 0-1: Foul Ball, location: 2F 0-2: Strikes out swinging
|
Batting: RHB Armando García
|
0-0: Called Strike 0-1: Foul Ball, location: 2F 0-2: Ball 1-2: Ball 2-2: Ground out 6-3 (Groundball, 6)
|
Batting: RHB Carlos Sánchez
|
0-0: Ball 1-0: Ball 2-0: Called Strike 2-1: Fly out, F1 (Line Drive, 13S)
|
Top of the 6th over - 0 run(s), 0 hit(s), 0 error(s), 0 left on base; Oceanside 0 - Long Beach 0 |
BOTTOM OF THE 6TH |
Long Beach KO batting - Pitching for Oceanside Swamp Foxes : LHP Manny Reyes
|
Batting: RHB Ben Simpson
|
0-0: Called Strike 0-1: Ball 1-1: Bunt for hit - play at first, batter OUT! 1-3
|
Batting: LHB John Lynch
|
0-0: Ball 1-0: Fly out, F9 (Flyball, 9)
|
Batting: RHB José González
|
0-0: Called Strike 0-1: Ball 1-1: SINGLE (Groundball, 56D)
|
Pitching: RHP Jorge Patino
|
|
Batting: RHB Rich Crabtree
|
0-0: Called Strike 0-1: Swinging Strike 0-2: Strikes out swinging
|
Bottom of the 6th over - 0 run(s), 1 hit(s), 0 error(s), 1 left on base; Oceanside 0 - Long Beach 0 |
TOP OF THE 7TH |
Oceanside Swamp Foxes batting - Pitching for Long Beach KO : RHP António Acosta
|
Batting: RHB Salvador Castro
|
0-0: Ball 1-0: Swinging Strike 1-1: Foul Ball, location: 2F 1-2: Strikes out looking
|
Batting: RHB Brian Brown
|
0-0: Called Strike 0-1: Ball 1-1: Foul Ball, location: 2F 1-2: Fly out, F8 (Flyball, 8LM)
|
Batting: SHB Júlio Viña
|
0-0: Called Strike 0-1: Ball 1-1: Bunt for hit - play at first, batter OUT! 1-3
|
Top of the 7th over - 0 run(s), 0 hit(s), 0 error(s), 0 left on base; Oceanside 0 - Long Beach 0 |
BOTTOM OF THE 7TH |
Long Beach KO batting - Pitching for Oceanside Swamp Foxes : RHP Jorge Patino
|
Batting: RHB Jorge Molina
|
0-0: Ball 1-0: Swinging Strike 1-1: Ball 2-1: Foul Ball, location: 2F 2-2: Foul Ball, location: 2F 2-2: Ground out 6-3 (Groundball, 6)
|
Batting: RHB Harvey Mawhinney
|
0-0: SINGLE (Groundball, 34D)
|
Batting: RHB Miguel Rodríguez
|
0-0: Fielders Choice at 2nd, 4-6 (Groundball, 4)
|
Batting: SHB Steve Shaw
|
0-0: Called Strike
|
|
|
|
0-1: Ball 1-1: Foul Ball, location: 2F 1-2: Fly out, F8 (Flyball, 89M)
|
Bottom of the 7th over - 0 run(s), 1 hit(s), 0 error(s), 1 left on base; Oceanside 0 - Long Beach 0 |
TOP OF THE 8TH |
Oceanside Swamp Foxes batting - Pitching for Long Beach KO : RHP António Acosta
|
Batting: RHB Richard Bass
|
0-0: Fly out, F8 (Flyball, 8LM)
|
Batting: SHB Gordon Beatty
|
0-0: Foul Ball, location: 2F 0-1: Fly out, F9 (Flyball, 9)
|
Batting: LHB Bob Huerta
|
0-0: Foul Ball, location: 2F 0-1: Ball 1-1: Called Strike 1-2: Ball 2-2: Strikes out swinging
|
Top of the 8th over - 0 run(s), 0 hit(s), 0 error(s), 0 left on base; Oceanside 0 - Long Beach 0 |
BOTTOM OF THE 8TH |
Long Beach KO batting - Pitching for Oceanside Swamp Foxes : RHP Jorge Patino
|
Batting: LHB José Rivas
|
0-0: Ball 1-0: Called Strike 1-1: DOUBLE (Flyball, 7)
|
Batting: RHB Ben Simpson
|
0-0: Intentional Walk
|
Pinch Hitting: RHB Roberto Landavazo
|
0-0: Bunted foul 0-1: Ball 1-1: Sac Bunt - play at first, batter OUT! 4-3 José Rivas to third Ben Simpson to second
|
Batting: RHB José González
|
0-0: Intentional Walk
|
Batting: RHB Rich Crabtree
|
0-0: Hit by Pitch José Rivas scores Ben Simpson to third José González to second
|
Batting: RHB Jorge Molina
|
0-0: Called Strike 0-1: Ball 1-1: Ball 2-1: Grounds into double play, 4-2-3 (Groundball, 4)
|
Bottom of the 8th over - 1 run(s), 1 hit(s), 0 error(s), 2 left on base; Oceanside 0 - Long Beach 1 |
TOP OF THE 9TH |
Oceanside Swamp Foxes batting - Pitching for Long Beach KO : RHP António Acosta
|
Pitching: RHP Carlos Fernández
|
|
Now at SS: Miguel López
|
|
Now in LF: Cal Cox
|
|
Batting: RHB Michael Reed
|
0-0: Ball 1-0: Swinging Strike 1-1: Foul Ball, location: 2F 1-2: Strikes out swinging
|
Batting: RHB Armando García
|
0-0: Ground out 5-3 (Groundball, 56S)
|
Batting: RHB Carlos Sánchez
|
0-0: Called Strike 0-1: Ball 1-1: Hit by Pitch
|
Batting: RHB Salvador Castro
|
0-0: Ball 1-0: Ball 2-0: Called Strike 2-1: SINGLE (Flyball, 78S) Carlos Sánchez to second Runner from 2nd tries for 3rd, OUT!
|
Top of the 9th over - 0 run(s), 1 hit(s), 0 error(s), 1 left on base; Oceanside 0 - Long Beach 1 |
|
Tuesday, August 8th, 2017 - OOTP Baseball 17.12 Build 75
|
|